 Dungeon Crawl Stone Soup version 0.31-a0-167-g1c394c0614 (webtiles) character file.

Game seed: 3938429435863719018

1510 Serulin the Digger (level 8, -3/41 HPs)
             Began as a Gargoyle Earth Elementalist on June 15, 2023.
             Slain by a wight
             ... wielding a +2 long sword of freezing
              (11 damage)
             ... on level 7 of the Dungeon.
             The game lasted 00:28:00 (5581 turns).

Serulin the Digger (Gargoyle Earth Elementalist)    Turns: 5581, Time: 00:28:01

Health: -3/41      AC: 11    Str: 11    XL:     8   Next: 83%
Magic:  10/16      EV: 11    Int: 19    God:
Gold:   231        SH:  0    Dex: 10    Spells: 14/18 levels left

rFire   . . .        h - +0 sling
rCold   . . .        (no shield)
rNeg    + + .        p - +1 robe {rN+}
rPois   ∞            n - +1 helmet
rElec   +            (no cloak)
rCorr   .            (no gloves)
SInv    .            r - +0 pair of boots
Will    .....        m - amulet of faith
Stlth   ++           (no ring)
HPRegen 0.26/turn    (no ring)
MPRegen 0.15/turn

%: faith
@: about to teleport
A: sickness immunity, AC +5, negative energy resistance 1, electricity
resistance, torment resistance 1, petrification resistance
a: no special abilities


You were on level 7 of the Dungeon.
You visited 2 branches of the dungeon, and saw 8 of its levels.

You collected 231 gold pieces.

Inventory:

Hand Weapons
 a - a +0 whip of venom
 h - a +0 sling (weapon)
Missiles
 c - 7 poisoned darts
Armour
 n - a +1 helmet (worn)
 p - a +1 robe of positive energy (worn)
 r - a +0 pair of boots (worn)
Magical Staves
 d - a staff of air
Jewellery
 m - an amulet of faith (around neck)
Wands
 j - a wand of polymorph (6)
Scrolls
 f - 2 scrolls of teleportation
 k - a scroll of fog
 l - a scroll of revelation
 o - a scroll of immolation
Potions
 e - 6 potions of curing
 i - a potion of lignification {unknown}


   Skills:
 - Level 1.5 Dodging
 - Level 2.1 Stealth
 + Level 5.7 Spellcasting
 + Level 6.3 Conjurations
 + Level 2.4 Transmutations
 + Level 7.9 Earth Magic


You had 14 spell levels left.
You knew the following spells:

 Your Spells              Type           Power      Damage    Failure   Level
a - Sandblast             Erth           70%        2d15      1%          1
b - Stone Arrow           Conj/Erth      64%        3d11      1%          3

Your spell library contained the following spells:

 Spells                   Type           Power      Damage    Failure   Level
 Passwall                 Tmut/Erth      20%        N/A       1%          2
 Beastly Appendage        Tmut           28%        N/A       4%          1
 Wereblood                Tmut           14%        N/A       6%          2
 Sting                    Tmut/Pois      40%        1d5       7%          1
 Petrify                  Tmut/Erth      25%        N/A       14%         4
 Spider Form              Tmut/Pois      10%        N/A       22%         3
 Inner Flame              Hex/Fire       5%         N/A       34%         3
 Tukima's Dance           Hex            5%         N/A       34%         3
 Irradiate                Conj/Tmut      11%        3d15      47%         5
 Passage of Golubria      Tloc           5%         N/A       75%         4
 Blade Hands              Tmut           7%         N/A       75%         5
 Yara's Violent Unravell  Hex/Tmut       5%         3d4       89%         5
 Dragon Form              Tmut           7%         N/A       100%        7
 Enfeeble                 Hex            2%         N/A       100%        7


Dungeon Overview and Level Annotations

Branches:
Dungeon (7/15)             Temple (1/1) D:6

Altars:
Ashenzari
Cheibriados
Dithmenos
Elyvilon
Gozag
Makhleb
Nemelex Xobeh
Okawaru
Qazlal
Ru
Trog
Xom
Zin
The Shining One

Annotations:
D:5 2 transporters, ZoeForever1's ghost, amateur DrTm


Innate Abilities, Weirdness & Mutations

You are immune to sickness and miasma.
Your stone body is resilient. (AC +5)
You are immune to poison.
You resist negative energy. (rN+)
You are resistant to electric shocks. (rElec)
You are resistant to unholy torment.
You are immune to petrification.


Message History

Magic courses through your body.
The wight hits you with a +2 long sword of freezing!
The wight freezes you.
The orc warrior hits you with a +0 flail.
Unknown command.
The orc warrior attacks as you move away!
The orc warrior hits you with a +0 flail.
The wight attacks as you move away!
The wight hits you with a +2 long sword of freezing.
* * * LOW HITPOINT WARNING * * *
The wight freezes you.
* * * LOW HITPOINT WARNING * * *
Casting: Sandblast (safe; 1% risk of failure)
Confirm with . or Enter, or press ? or * to list all spells.
Aiming: Stone Arrow (safe; 1% risk of failure)
Press: ? - help, Shift-Dir - straight line, f/p - orc warrior
Aim: an orc warrior, wielding a +0 flail and wearing a +0 plate armour (lightly wounded, 74% to hit)
Okay, then.
Okay, then.
Casting: Stone Arrow (safe; 1% risk of failure)
Confirm with . or Enter, or press ? or * to list all spells.
Okay, then.
Aiming: Stone Arrow (safe; 1% risk of failure)
Press: ? - help, Q - select action, (/) - cycle Shift-Dir - straight line, f/p - orc warrior
Aim: an orc warrior, wielding a +0 flail and wearing a +0 plate armour (lightly wounded, 74% to hit)
The stone arrow misses the orc warrior.
The stone arrow hits the wight!
The wight is heavily damaged.
The orc wizard shouts!
The orc warrior hits you but does no damage.
Aiming: Stone Arrow (safe; 1% risk of failure)
Press: ? - help, Q - select action, (/) - cycle Shift-Dir - straight line, f/p - orc warrior
Aim: an orc warrior, wielding a +0 flail and wearing a +0 plate armour (lightly wounded, 74% to hit)
The stone arrow hits the orc warrior!!
The orc warrior is severely wounded.
Okay, then.
Okay, then.
As you read the scroll labelled MOIDUS QEISKUI, it crumbles to dust.
You feel strangely unstable.
It was a scroll of teleportation.
The wight hits you with a +2 long sword of freezing!
You die...

## #### #.###o.#
#..o.@##
###.#z##
#..#o!##
#[<)...#
......).)......?
.............###
o..#.).......#
zg...#########
>..!


You could see an orc warrior, a wight, an orc wizard and an orc.

Vanquished Creatures
  Sigmund (D:5)
  A wyvern (D:6)
  A water moccasin (D:5)
  An orc warrior (D:6)
  A black bear (D:4)
  An ogre (D:5)
  A centaur (D:5)
  2 scorpions
  3 wights (D:7)
  An electric eel (D:6)
  2 jellies
  Natasha (twice) (D:2)
  2 sleepcaps
  An iguana (D:4)
  An orc wizard (D:4)
  Terence (D:3)
  5 adders
  5 gnolls
  2 white imps (D:5)
  2 ufetubi
  4 dart slugs
  9 orcs
  3 ball pythons
  2 bats
  4 endoplasms
  2 giant cockroaches
  7 goblins
  4 hobgoblins
  4 jackals (D:3)
  4 quokkas
  3 frilled lizards (D:1)
  5 kobolds
  5 rats
92 creatures vanquished.

Notes
Turn   | Place    | Note
-------+----------+-------------------------------------------
     0 | D:1      | Serulin the Gargoyle Earth Elementalist began the quest for
                  | the Orb.
     0 | D:1      | Reached XP level 1. HP: 10/10 MP: 3/3
    66 | D:1      | Reached skill level 1 in Conjurations
    66 | D:1      | Reached XP level 2. HP: 15/15 MP: 1/5
   172 | D:1      | Reached skill level 4 in Earth Magic
   424 | D:1      | Reached XP level 3. HP: 19/19 MP: 4/6
   856 | D:2      | Found a glowing silver altar of Zin.
  1316 | D:2      | Noticed Natasha
  1320 | D:2      | Killed Natasha
  1321 | D:2      | Reached XP level 4. HP: 24/24 MP: 3/8
  1450 | D:2      | Noticed Natasha
  1453 | D:2      | Killed Natasha
  1565 | D:2      | Learned a level 3 spell: Stone Arrow
  1837 | D:3      | Reached XP level 5. HP: 28/28 MP: 7/9
  2096 | D:3      | Found a faded altar of an unknown god.
  2115 | D:3      | Got Plato's Tractate on Metamorphosis
  2116 | D:3      | Prayed at the altar of an unknown god.
  2116 | D:3      | Became a worshipper of Ru the Awakened
  2118 | D:3      | Fell from the grace of Ru
  2177 | D:3      | Noticed Terence
  2208 | D:3      | Killed Terence
  2209 | D:3      | Reached skill level 5 in Earth Magic
  2644 | D:4      | Noticed a black bear
  2790 | D:4      | Killed a black bear
  2791 | D:4      | Reached XP level 6. HP: 32/32 MP: 4/11
  3319 | D:5      | Entered Level 5 of the Dungeon
  3492 | D:5      | Noticed a water moccasin
  3498 | D:5      | Killed a water moccasin
  3499 | D:5      | Reached skill level 6 in Earth Magic
  3499 | D:5      | Reached XP level 7. HP: 36/36 MP: 1/13
  3646 | D:5      | Found a transporter.
  3691 | D:5      | Found a transporter.
  3693 | D:5      | Noticed ZoeForever1's ghost (amateur DrTm)
  3787 | D:5      | Found a glowing silver altar of Zin.
  3992 | D:5      | Noticed Sigmund
  3996 | D:5      | Killed Sigmund
  4139 | D:5      | Reached skill level 5 in Conjurations
  4181 | D:5      | Reached skill level 5 in Spellcasting
  4181 | D:5      | Reached skill level 7 in Earth Magic
  4181 | D:5      | Reached XP level 8. HP: 23/41 MP: 8/15
  4357 | D:5      | Found a shimmering altar of Xom.
  4672 | D:5      | Reached skill level 1 in Transmutations
  4830 | D:6      | Found a staircase to the Ecumenical Temple.
  4841 | Temple   | Entered the Ecumenical Temple
  4976 | D:6      | Noticed a wyvern
  4980 | D:6      | Killed a wyvern
  5259 | D:6      | Found a white marble altar of Elyvilon.
  5581 | D:7      | Slain by a wight

Illustrated notes

Levels and vault maps discovered:
D:1:      minmay_arrival_diagonal_passages, layout_basic
D:2:      layout_loops_ring, basic_altar, uniq_natasha
D:3:      layout_basic, shapermc_ecumenical_altar_rom_forum, uniq_terence
D:4:      layout_loops_cross
D:5:      layout_loops_ring, kennysheep_mini, nicolae_overflow_crystal_walls,
          gammafunk_ghost_mausoleum, uniq_sigmund
D:6:      layout_cave_pools, nicolae_elyvilon_temple_path,
          minmay_temple_entry_junction, nicolae_figureground_pulse
D:7:      layout_rooms, nicolae_hepliaklqana_ecumenical_no_more,
          gammafunk_ghost_berserking_beasts, uniq_prince_ribbit1
Temple:   nicolae_temple_ecumenical_triangle

Skill      XL: |  1  2  3  4  5  6  7  8 |
---------------+-------------------------+-----
Conjurations   | 1 2 3 4 5 6 |  6.3
Earth Magic    | 4 5 6 7 |  7.9
Spellcasting   | 3 4 5 |  5.7
Transmutations | 2 |  2.4
Dodging        | |  1.5
Stealth        | |  2.1

Action                     |  1- 3 |  4- 6 |  7- 9 || total
---------------------------+-------+-------+-------++-------
  Melee: Unarmed           |     4 |       |       ||     4
         Sling             |       |     2 |       ||     2
   Fire: Sling             |     8 |    30 |    34 ||    72
   Cast: Sandblast         |    41 |    41 |    18 ||   100
         Stone Arrow       |       |     9 |    46 ||    55
 Invoke: Renounce Religion |       |     1 |       ||     1
    Use: Scroll            |       |     5 |     4 ||     9
         Potion            |       |     1 |     1 ||     2
 Armour: Robe              |     5 |    18 |    13 ||    36
  Dodge: Dodged            |     5 |    24 |    18 ||    47

Table legend: (Time is in decaauts)
 A = Elapsed time spent in this place.
 B = Non-inter-level travel time spent in this place.
 C = Inter-level travel time spent in this place.
 D = Time resting spent in this place.
 E = Time spent auto-exploring this place.
 F = Levels seen in this place.
 G = Mean time per level.
                   A        B        C        D        E       F      G
               +--------+--------+--------+--------+--------+-----+--------+
         Total |   5661 |   5502 |    159 |    837 |   3682 |   8 |  707.6 |
       Dungeon |   5611 |   5452 |    159 |    837 |   3682 |   7 |  801.6 |
        Temple |     49 |     49 |      0 |      0 |      0 |   1 |   49.0 |
               +--------+--------+--------+--------+--------+-----+--------+

Top non-repeatable levels by time:
     D:5: 1157 daAuts
     D:4: 930 daAuts
     D:3: 903 daAuts
     D:1: 867 daAuts
     D:2: 813 daAuts
     D:6: 760 daAuts
     D:7: 179 daAuts
  Temple: 49 daAuts
